 Dungeon Crawl Stone Soup version 0.30.0-19-gbf45117a57 (webtiles) character file.

Game seed: 6606943411164666971

16 qw the Shield-Bearer (level 2, -1/19 HPs)
             Began as a Gargoyle Fighter on May 25, 2023.
             Killed by an exploding ball python (18 damage)
             ... ignited by their inner flame
             ... on level 1 of the Dungeon.
             The game lasted 00:00:15 (343 turns).

qw the Shield-Bearer (Gargoyle Fighter)              Turns: 343, Time: 00:00:15

Health: -1/19      AC:  9    Str: 19    XL:     2   Next: 54%
Magic:  2/2        EV:  9    Int:  8    God:
Gold:   18         SH:  4    Dex:  9    Spells: 1/1 levels left

rFire   . . .        Y - +0 war axe
rCold   . . .        c - +0 buckler
rNeg    + . .        b - +0 scale mail
rPois   inf          (no helmet)
rElec   +            (no cloak)
rCorr   .            (no gloves)
SInv    .            (no boots)
Will    .....        (no amulet) Stlth
                     (no ring)
HPRegen 0.23/turn    (no ring)
MPRegen 0.08/turn

%: no passive effects
@: no status effects
A: sickness immunity, AC +2, negative energy resistance 1, electricity
resistance, torment resistance 1, petrification resistance
a: no special abilities


You were on level 1 of the Dungeon.
You visited 1 branch of the dungeon, and saw 1 of its levels.

You collected 18 gold pieces.


Innate Abilities, Weirdness & Mutations

You are immune to sickness and miasma.
Your stone body is resilient. (AC +2)
You are immune to poison.
You resist negative energy. (rN+)
You are resistant to electric shocks. (rElec)
You are resistant to unholy torment.
You are immune to petrification.


   Skills:
 - Level 3.2 Fighting
 + Level 2.8 Axes
 - Level 3.2 Armour
 - Level 3.2 Shields


You had one spell level left.
You didn't know any spells.
Your spell library was empty.

Inventory:

Hand Weapons
 Y - a +0 war axe (weapon)
Armour
 b - a +0 scale mail (worn)
 c - a +0 buckler (worn)
Scrolls
 h - a scroll of vulnerability {unknown}
 i - a scroll of magic mapping {unknown}
Potions
 d - a potion of might
 f - a potion of brilliance {unknown}

Dungeon Overview and Level Annotations

Branches:
Dungeon (1/15)

Altars:


Message History

You hit the bat.
You kill the bat!
You see here a bat corpse.
A giant cockroach comes into view.
Found a whip.
Found a faded altar of an unknown god.
You hit the giant cockroach but do no damage.
The giant cockroach splashes around in the water.
You closely miss the giant cockroach.
The giant cockroach splashes around in the water.
The giant cockroach bites you but does no damage.
You slash the giant cockroach!
You kill the giant cockroach!
You enter the shallow water.
Moving in this stuff is going to be slow.
A ball python comes into view.
The ball python hisses angrily.
337 ||| READING scroll labelled EDIL WOOHYTI.
As you read the scroll labelled EDIL WOOHYTI, it crumbles to dust.
Your body is wracked with pain!
It was a scroll of torment.
338 ||| READING scroll labelled NAAMA IBOOZESS.
As you read the scroll labelled NAAMA IBOOZESS, it crumbles to dust.
The creatures around you are filled with an inner flame!
It was a scroll of immolation.
The ball python closely misses you. x3; You block the ball python's attack.
340 ||| Stepping ~*~*~tactically~*~*~ (water).
The ball python attacks as you move away!
The ball python barely misses you. You block the ball python's attack.
The ball python barely misses you. The ball python closely misses you.
The ball python completely misses you.
You closely miss the ball python.
The ball python bites you but does no damage.
The ball python barely misses you.
You closely miss the ball python. The ball python bites you.
The ball python closely misses you. The ball python barely misses you.
The ball python closely misses you.
You slash the ball python!
The ball python explodes!
The fiery explosion engulfs you!!
Ouch! That really hurt!
You die...

........####
.######.# #.#
#.# #.# # #.#
###.###.#######
#..~.~..~~~.).#
#.~~..~.¤@¤~~~#
#.~~~~~~¤¤¤~.~#
...~~~~~¤¤¤~~.#
...~~~~~~~~~..#
#!~~~~~..~~~..#
#..~~~._.~~~~.#
#.~~~~7.~~~~~.#
~.~~~~~~~~~..#
.~~~~~~~~~~~#


There were no monsters in sight!

Vanquished Creatures
  3 endoplasms (D:1)
  A giant cockroach (D:1)
  A goblin (D:1)
  2 hobgoblins (D:1)
  A kobold (D:1)
  3 ball pythons (D:1)
  3 bats (D:1)
  A frilled lizard (D:1)
15 creatures vanquished.

Notes
Turn   | Place    | Note
-------+----------+-------------------------------------------
     0 | D:1      | qw the Gargoyle Fighter began the quest for the Orb.
     0 | D:1      | Reached XP level 1. HP: 14/14 MP: 1/1
     0 | D:1      | 0 ||| qw: Version: 0.2-a-98-g5d7165a
     0 | D:1      | 0 ||| qw: Game counter: 71
     0 | D:1      | 0 ||| qw: Always use a shield: true
     0 | D:1      | 0 ||| qw: God list: Okawaru
     0 | D:1      | 0 ||| qw: Allow faded altars: false
     0 | D:1      | 0 ||| qw: Do Orc after D:15 true
     0 | D:1      | 0 ||| qw: Do second Lair branch before Depths: true
     0 | D:1      | 0 ||| qw: Lair rune preference: random
     0 | D:1      | 0 ||| qw: Plans: Normal, Zot:1-4, God:TSO, Crypt, Tomb,
                  | Pan, Slime:5, Hells, Abyss, Win
     0 | D:1      | 0 ||| PLANNING D:1-11
   197 | D:1      | Reached XP level 2. HP: 19/19 MP: 2/2
   327 | D:1      | Found a faded altar of an unknown god.
   337 | D:1      | 337 ||| READING scroll labelled EDIL WOOHYTI.
   338 | D:1      | 338 ||| READING scroll labelled NAAMA IBOOZESS.
   340 | D:1      | 340 ||| Stepping ~*~*~tactically~*~*~ (water).
   343 | D:1      | Killed by an exploding ball python... ignited by their
                  | inner flame

Levels and vault maps discovered:
D:1:      evilmike_arrival_plus, layout_basic, chequers_ecumenical_altar_island,
          lemuel_flame_loot_1

Skill      XL: |  1 |
---------------+----+-----
Axes           | 2 |  2.8
Fighting       | |  3.2
Armour         | |  3.2
Shields        | |  3.2

Action                     || total
---------------------------++-------
  Melee: War axe           ||    41
    Use: Scroll            ||     2
 Armour: Scale mail        ||    20
  Dodge: Dodged            ||    20
  Block: Buckler           ||     8

Table legend:
 A = Non-vault XP
 B = Vault XP
 C = Vault XP percentage of total XP
 D = Non-vault monster count
 E = Vault monster count
 F = Vault count percentage of total count
                 A         B        C        D         E       F
            +---------+---------+-------+---------+---------+-------
      Total |      24 |       0 |   0.0 |      15 |       0 |   0.0
            +---------+---------+-------+---------+---------+-------
        D:1 |      24 |       0 |   0.0 |      15 |       0 |   0.0
            +---------+---------+-------+---------+---------+-------
